 Dungeon Crawl Stone Soup version 0.19-a0-630-g098d46c (webtiles) character file.

98 Magifyre the Magician (level 4, -5/24 HPs)
             Began as a Deep Elf Fire Elementalist on June 13, 2016.
             Blown up by Ijyb (8 damage)
             ... with a wand of disintegration
             ... on level 2 of the Dungeon.
             The game lasted 00:16:14 (2484 turns).

Magifyre the Magician (Deep Elf Fire Elementalist)  Turns: 2484, Time: 00:16:14

Health: -5/24      AC:  2    Str:  5    XL:     4   Next: 43%
Magic:  1/12       EV: 13    Int: 21    God:
Gold:   166        SH:  0    Dex: 15    Spells: 2 memorised, 8 levels left

rFire  . . .     SeeInvis .     h - +0 club
rCold  . . .     Gourm    .     a - +0 robe
rNeg   . . .     Faith    .     (no shield)
rPois  .         Spirit   .     (no helmet)
rElec  .         Dismiss  .     (no cloak)
rCorr  .         Reflect  .     (no gloves)
SustAt +         Harm     .     (no boots)
MR     .....                    (no amulet)
Stlth  ++........               (no ring)
                                m - ring of sustain attributes

@: very slightly contaminated, not resistant to hostile enchantments, unstealthy
A: no striking features
a: no special abilities


You were on level 2 of the Dungeon.
You were not hungry.

You visited 1 branch of the dungeon, and saw 2 of its levels.

You collected 166 gold pieces.

Inventory:

Hand Weapons
 h - a +0 club (weapon)
Armour
 a - a +0 robe (worn)
Jewellery
 m - a ring of sustain attributes (left hand)
Scrolls
 d - 4 scrolls of identify {unknown}
 e - a scroll of fear {unknown}
 g - a scroll of enchant weapon {unknown}
 j - 3 scrolls of teleportation {unknown}
 k - a scroll of amnesia {unknown}
Potions
 f - 2 potions of brilliance {unknown}
 i - a potion of cancellation {unknown}
 l - a potion of flight {unknown}
Books
 b - a book of Flames

   Spells                             Type                      Level
   a - Flame Tongue                   Conjuration/Fire             1
   b - Throw Flame                    Conjuration/Fire             2
   c - Conjure Flame                  Conjuration/Fire             3
   d - Inner Flame                    Hexes/Fire                   3
   e - Sticky Flame                   Conjuration/Fire             4
   f - Fireball                       Conjuration/Fire             5
Comestibles
 c - 3 bread rations
 n - a beef jerky
 o - 4 chunks of flesh


   Skills:
 - Level 2.4 Dodging
 - Level 2.4 Stealth
 + Level 4.4 Spellcasting
 + Level 2.9 Conjurations
 + Level 4.1 Fire Magic


You had 8 spell levels left.
You knew the following spells:

 Your Spells              Type           Power        Failure   Level  Hunger
a - Flame Tongue          Conj/Fire      ###..        2%          1    None
b - Throw Flame           Conj/Fire      ###...       4%          2    #......


Dungeon Overview and Level Annotations

Branches:
Dungeon (2/15)

Altars:
Pakellas
The Shining One

Annotations:
D:2 Ijyb


Message History

Casting: Flame Tongue
Confirm with . or Enter, or press ? or * to list all spells.
Aiming: Flame Tongue
Press: ? - help, Shift-Dir - straight line, f/p - Ijyb
Aim: Ijyb, wielding a dagger of holy wrath, wearing a leather armour and carrying a wand of disintegration {zapped: 2} (heavily wounded)
The flame tongue hits Ijyb.
Ijyb is severely wounded.
Ijyb zaps a wand.
You barely resist.
Casting: Flame Tongue
Confirm with . or Enter, or press ? or * to list all spells.
Aiming: Flame Tongue
Press: ? - help, Shift-Dir - straight line, f/p - Ijyb
Aim: Ijyb, wielding a dagger of holy wrath, wearing a leather armour and carrying a wand of disintegration {zapped: 3} (severely wounded)
The flame tongue misses Ijyb.
Ijyb zaps a wand.
You are blasted!
Ouch! That really hurt!
* * * LOW HITPOINT WARNING * * *
You closely miss Ijyb.
Ijyb is severely wounded.
Ijyb zaps a wand.
You are blasted!
You die...

### # #.# #.###########
#.# ##........... #.#
...g......# #.# #.# #.#
# #.# #.# #. #g#######
#.# #.####@#.....####.#
#......'.....'....#
#......#.....####.#
####.
##......##....####.#####
.....
>'......''..........>..#
#####
##......##....####..##.#
........##....# #..##.#
........####### #..##.#
### ........#
######.....#


You could see Ijyb.

Vanquished Creatures
  3 adders (D:2)
  7 dart slugs
  4 giant geckos
  A ball python (D:2)
  8 bats
  2 giant cockroaches
  5 goblins
  4 hobgoblins
  10 kobolds
  A quokka (D:2)
  4 giant newts
  4 rats (D:1)
  A fungus (D:1)
54 creatures vanquished.

Vanquished Creatures (others)
  A fungus (D:1)
1 creature vanquished.

Grand Total: 55 creatures vanquished

Notes
Turn   | Place    | Note
--------------------------------------------------------------
     0 | D:1      | Magifyre the Deep Elf Fire Elementalist began the quest for the Orb.
     0 | D:1      | Reached XP level 1. HP: 10/10 MP: 6/6
   256 | D:1      | Reached XP level 2. HP: 15/15 MP: 2/8
   608 | D:1      | Learned a level 2 spell: Throw Flame
   753 | D:1      | Reached XP level 3. HP: 19/19 MP: 7/10
  1199 | D:1      | Found a glowing golden altar of the Shining One.
  1883 | D:2      | Reached XP level 4. HP: 24/24 MP: 0/12
  2011 | D:2      | Found an oddly glowing altar of Pakellas.
  2469 | D:2      | Noticed Ijyb
  2484 | D:2      | Blown up by Ijyb

Vault maps used:
D:1:      sevenhm_arrival_forest_fort_small_6, minmay_gold_behind_fungi,
          st_stairs_10, eino_curves_02, minmay_crystal_room, tso_metal_star
D:2:      lemuel_crystal_altar, uniq_iyjb

Skill      XL: |  1  2  3 |
---------------+----------+-----
Conjurations   | 2 |  2.9
Spellcasting   | 4 |  4.4
Fire Magic     | 4 |  4.1
Dodging        | |  2.4
Stealth        | |  2.4

Action                   |  1- 3 |  4- 6 || total
-------------------------+-------+-------++-------
Melee: Unarmed           |    55 |       ||    55
       Club              |       |     1 ||     1
 Cast: Flame Tongue      |    45 |    12 ||    57
       Throw Flame       |    34 |    12 ||    46
  Eat: Chunk             |     4 |     2 ||     6
Armor: Robe              |     6 |     1 ||     7
Dodge: Dodged            |    14 |     1 ||    15
